Map: Lost and Found LE

Players

Harstem - Winner!

  • Race: Protoss Protoss
  • Spawn Location: 1:00

Rail

  • Race: Protoss Protoss
  • Spawn Location: 7:00

Event: WCS Valencia 2018

VOD

Have the link to the VOD?

Description

Time

  • Played on: July 12, 2018, 10:38 a.m.
  • Length: 10:56

All games in this series

Show
View Real Time Build Order
Export as new Build Order

Harstem Protoss - Winner!

Build Orders: Oracle Opening, Zealot Archon 

Get SALT Encoding   

  12  0:00  Probe  
  13  0:12  Probe  
  14  0:17  Pylon  
  14  0:24  Probe  
  15  0:32  Probe  
  15  0:36  Gateway  
  15  0:40  Probe  
  16  0:46  Assimilator  
  17  0:51  Probe  
  17  0:55  Assimilator  
  18  0:59  Probe  
  19  1:06  Gateway  
  19  1:07  Probe  
  20  1:17  Probe  
  20  1:23  Cybernetics Core  
  21  1:29  Probe  
  22  1:38  Pylon  
  22  1:40  Pylon  
  22  1:43  Probe  
  23  2:00  Adept x2  
  27  2:11  Stargate  
  27  2:12  Probe  
  28  2:17  Warp Gate  
  28  2:22  Pylon  
  29  2:44  Oracle  
  31  2:58  Nexus  
  31  3:12  Stalker  
  36  3:27  Probe  
  36  3:28  Shield Battery  
  37  3:39  Robotics Facility  
  37  3:44  Probe  
  37  3:46  Twilight Council  
  35  3:56  Probe  
  35  3:58  Gateway  
  36  4:08  Probe  
  34  4:14  Probe  
  35  4:19  Blink  
  35  4:20  Probe  
  35  4:22  Stalker x2  
  40  4:26  Probe  
  44  4:35  Probe  
  45  4:43  Probe  
  45  4:47  Probe  
  46  4:53  Forge  
  46  4:55  Probe  
  46  4:57  Stalker x2  
  46  4:59  Probe  
  49  5:03  Probe  
  49  5:04  Stalker  
  49  5:05  Pylon  
  51  5:11  Probe  
  51  5:13  Probe  
  54  5:22  Protoss Ground Weapons Level 1  
  54  5:25  Probe  
  53  5:29  Oracle  
  53  5:30  Stalker x3  
  53  5:33  Probe  
  61  5:38  Assimilator  
  61  5:41  Shield Battery  
  61  5:46  Gateway  
  61  5:49  Probe  
  62  5:52  Pylon  
  62  5:58  Zealot x2  
  62  6:01  Probe  
  67  6:05  Probe  
  67  6:15  Probe  
  67  6:16  Assimilator  
  68  6:19  Charge  
  68  6:22  Zealot x2  
  72  6:27  Probe  
  72  6:30  Probe  
  74  6:34  Zealot  
  74  6:39  Gateway  
  74  6:48  Sentry, Zealot, Templar Archives  
  74  6:51  Pylon  
  74  6:52  Pylon  
  77  7:04  Nexus  
  77  7:10  Gateway  
  77  7:11  Gateway  
  77  7:13  Probe  
  76  7:23  Gateway  
  76  7:31  Robotics Facility  
  76  7:32  Zealot  
  76  7:34  High Templar x3  
  76  7:37  Probe  
  85  7:39  Archon  
  85  7:42  Probe  
  84  7:47  High Templar  
  84  7:51  Pylon  
  86  7:55  Pylon  
  86  7:59  Archon  
  86  8:00  Pylon  
  86  8:05  Pylon x2  
  86  8:10  Zealot x4  
  94  8:16  High Templar x2  
  94  8:17  Shield Battery  
  98  8:20  Archon  
  96  8:30  Zealot x4  
  96  8:31  Zealot  
  98  8:40  Zealot  
  88  8:41  Probe  
  74  8:48  Zealot x2  
  74  8:52  Zealot x2  
  72  8:56  Zealot x2  
  72  8:58  Probe  
  72  9:05  High Templar x2  
  75  9:10  Archon  
  75  9:11  Zealot x2  
  78  9:18  High Templar  
  78  9:19  Zealot x2, High Templar  
  78  9:24  Archon  
  85  9:28  Zealot  
  85  9:31  Zealot  
  89  9:33  Shield Battery  
  89  9:36  Zealot  
  91  9:42  Zealot x2  
  80  9:46  Zealot  
  80  9:49  Zealot  
  80  9:51  Probe  
  71  9:57  Zealot x2  
  69  10:05  High Templar x2  
  69  10:06  Zealot  
  65  10:10  Archon  
  63  10:16  Zealot, High Templar x2  
  63  10:18  Probe  
  63  10:19  Zealot x2  
  74  10:21  Archon  
  67  10:34  Zealot  
  69  10:38  Stalker x3  
  73  10:43  Zealot  
  73  10:44  Zealot  
  71  10:52  Zealot  
  71  10:53  Zealot  
Show
View Real Time Build Order
Export as new Build Order

Rail Protoss 

Build Orders: Phoenix Opening 

Get SALT Encoding   

  12  0:00  Probe  
  13  0:12  Probe  
  14  0:18  Pylon  
  14  0:24  Probe  
  15  0:32  Probe  
  15  0:39  Gateway  
  15  0:40  Probe  
  16  0:46  Assimilator  
  17  0:51  Probe  
  17  0:54  Assimilator  
  18  0:59  Probe  
  19  1:07  Probe  
  19  1:08  Gateway  
  20  1:17  Probe  
  21  1:26  Cybernetics Core  
  21  1:29  Probe  
  22  1:33  Pylon  
  22  1:41  Probe  
  23  1:53  Probe  
  24  2:02  Stalker  
  24  2:03  Sentry, Warp Gate  
  24  2:06  Probe  
  29  2:11  Pylon  
  29  2:32  Stargate  
  28  2:45  Nexus  
  28  2:49  Stalker  
  30  2:54  Shield Battery  
  30  3:05  Robotics Facility  
  30  3:11  Phoenix  
  30  3:17  Probe  
  33  3:26  Pylon  
  33  3:30  Phoenix  
  33  3:36  Probe  
  36  3:47  Phoenix  
  36  3:50  Probe  
  39  4:03  Probe  
  39  4:08  Probe  
  41  4:10  Phoenix  
  41  4:15  Probe  
  44  4:20  Probe  
  45  4:24  Probe  
  45  4:28  Probe  
  46  4:32  Probe  
  46  4:36  Observer, Probe  
  49  4:39  Pylon  
  49  4:41  Probe  
  51  4:46  Probe  
  51  4:47  Immortal  
  51  4:52  Pylon  
  52  4:53  Probe  
  52  4:55  Assimilator  
  52  4:59  Probe  
  58  5:05  Gateway, Zealot  
  60  5:16  Gateway  
  60  5:25  Probe  
  60  5:26  Immortal  
  60  5:27  Probe  
  63  5:38  Probe  
  63  5:42  Pylon  
  64  5:45  Robotics Bay  
  64  5:47  Gateway  
  64  5:51  Gateway  
  64  5:52  Probe  
  64  5:53  Warp Prism  
  65  5:58  Sentry  
  65  5:59  Pylon  
  65  6:01  Zealot  
  71  6:12  Pylon  
  71  6:16  Pylon  
  71  6:17  Zealot  
  73  6:18  Pylon  
  66  6:29  Stalker  
  65  6:35  Probe  
  65  6:36  Probe  
  67  6:41  Colossus  
  67  6:47  Probe  
  67  6:49  Probe  
  75  7:01  Adept x2  
  75  7:03  Probe  
  75  7:07  Adept  
  82  7:14  Adept, Pylon  
  84  7:20  Adept x2  
  88  7:25  Adept  
  90  7:30  Pylon  
  90  7:34  Adept  
  92  7:49  Adept x3  
  92  7:50  Adept x2  
  102  8:02  Adept  
  104  8:11  Zealot x2, Adept x3  
  114  8:27  Warp Prism  
  114  8:31  Probe  
  114  8:32  Adept x2  
  114  8:33  Adept  
  103  8:43  Adept x2  
  91  8:50  Probe  
  88  9:01  Adept x3  
  82  9:05  Adept x2  
  84  9:24  Adept x2  
  84  9:25  Adept x3  
  84  9:26  Adept  
  88  9:45  Adept x2  
  88  9:52  Adept  
  72  9:53  Zealot x2  
  72  9:56  Zealot  
  68  10:05  Adept  
  65  10:12  Adept  
  65  10:13  Adept x3  
  72  10:18  Sentry  
  72  10:27  Adept  
  70  10:33  Stalker x2  
  68  10:38  Adept  
  68  10:48  Stalker  
Tags
 
Add a new tag
Caveats
  • Supply blocks, unpowered buildings, or Contaminate may cause inaccurate times.
  • Supply counts are checked every 10 seconds.